Cogmind - Beta 17 @@@ ROGUE MODE // 2026.07.14 @ 19:26:59 Player: Suffixing Result: Destroyed by H-61 Shepherd with Heavy Assault Cannon Performance ------------- Evolutions (4) 2000 Regions Visited (4) 800 Robots Destroyed (52) 260 Value Destroyed (2055) 2055 Prototype IDs (7) 140 Alien Tech Used (0) 0 Bonus (800) 800 TOTAL SCORE: 6055 Bonus ------- Registered with UFD 300 Met Optimus in HQ 500 Cogmind --------- Core Integrity 0/850 Matter 300/300 Energy 100/100 System Corruption 3% Temperature Cool (0) Movement Walking (120) Location -6/Factory Parts ------- > --- POWER (1) -------- (None) > --- PROPULSION (4) --- Flexi-carbon Leg > --- UTILITY (8) ------ Makeshift Hacking Suite > --- WEAPON (2) ------- Companion Sword > --- INVENTORY (5) ---- Micro Nuclear Core Battle Rifle Gauss Rifle Peak State ------------ > --- POWER ------------ Light Fission Core > --- PROPULSION ------- Flexi-carbon Leg Flexi-carbon Leg Flexi-carbon Leg Flexi-carbon Leg > --- UTILITY ---------- Scrap Suit Improved Heat Sink Large Storage Unit Phase Shifter Improved Light Armor Plating Insulated Plating Makeshift Hacking Suite > --- WEAPON ----------- Phase Cannon Companion Sword > --- INVENTORY -------- Ion Engine Improved Deuterium Engine Flexi-carbon Leg Flexi-carbon Leg Battle Rifle Gauss Rifle [Rating: 65] Favorites ----------- Power Ion Engine Engine Ion Engine Power Core Fission Core Propulsion Overtuned Titanium Leg Treads Light Treads Leg Overtuned Titanium Leg Wheel Subdweller Monowheel Utility Large Storage Unit Device Improved Heat Sink Storage Large Storage Unit Processor Surveybot 17 Chip Hackware Makeshift Hacking Suite Protection Hardened Heavy Armor Plating Weapon Light Assault Rifle Energy Gun Subdweller Laser Energy Cannon Phase Cannon Ballistic Gun Light Assault Rifle Slashing Weapon Companion Sword Special Melee Weapon Datajack Build | -11 -10 -10 -9 -6 ------- Run | Yrd Mat Sub Scr Fac Slots Evolved 8 | . . . . 8 Power . | . . . . . Propulsion 2 | . . . . 2 Utility 6 | . . . . 6 Weapon . | . . . . . Parts Attached 45 | 3 1 8 5 28 Power 5 | . . . 1 4 Engine 3 | . . . 1 2 Core 2 | . . . . 2 Reactor . | . . . . . Propulsion 18 | 2 . 1 2 13 Treads 3 | 2 . . 1 . Leg 13 | . . . . 13 Wheel 2 | . . 1 1 . Hover . | . . . . . Flight . | . . . . . Utility 12 | . 1 2 . 9 Device 5 | . . 2 . 3 Storage 1 | . 1 . . . Processor 2 | . . . . 2 Hackware 1 | . . . . 1 Protection 3 | . . . . 3 Artifact . | . . . . . Weapon 10 | 1 . 5 2 2 Energy Gun 1 | . . 1 . . Energy Cannon 2 | . . . . 2 Ballistic Gun 4 | 1 . 3 . . Ballistic Cannon . | . . . . . Launcher . | . . . . . Special Weapon . | . . . . . Impact Weapon . | . . . . . Slashing Weapon 2 | . . 1 1 . Piercing Weapon . | . . . . . Special Melee Weapon 1 | . . . 1 . Unidentified Prototypes 1 | . . . 1 . Parts Lost 36 | . . 5 4 27 Power 6 | . . . 1 5 Propulsion 16 | . . 2 2 12 Utility 10 | . . 1 . 9 Weapon 4 | . . 2 1 1 Highest Loss Streak 8 | . . 3 3 8 To Critical Strikes . | . . . . . Average Backups 10 | 6 5 13 12 7 Power 1 | 1 1 2 1 2 Propulsion 3 | 4 2 5 2 1 Utility 2 | . . 1 3 1 Weapon 3 | 1 1 3 4 2 Tool/Special . | . . . . . Unused Backups 16 | . 2 2 6 6 Power 1 | . . . . 1 Propulsion 7 | . . . 4 3 Utility 3 | . 2 . 1 . Weapon 5 | . . 2 1 2 Tool/Special . | . . . . . Average Slot Usage (%) 74 | . 85 86 69 67 Engine 10 | . 14 14 13 2 Treads 8 | . 28 14 6 . Leg 5 | . . . . 22 Wheel 3 | . . 2 7 . Device 10 | . . 13 10 8 Storage 11 | . 14 14 13 5 Hackware 1 | . . . . 4 Protection 1 | . . . . 3 Ballistic Gun 12 | . 28 24 7 3 Slashing Weapon 4 | . . . 6 6 Special Melee Weapon 1 | . . . 3 . Peak Build Rating 65 | 6 7 14 17 65 Average Rating 20 | 6 6 10 12 45 On Entrance 8 | 6 6 7 11 13 Avg Prop Armor Cover (%) 7 | . . . 7 10 Naked Turns 62 | . . . 62 . Heaviest Build 63 | 13 28 32 31 63 Greatest Support 80 | 40 40 40 23 80 Greatest Overweight (x) 13 | . . 1 8 13 Average Overweight (x) . | . . . 1 . Largest Inventory Capacity 15 | 8 15 15 15 15 Average Capacity 14 | 8 14 15 14 14 Most Carried 15 | 6 9 15 15 13 Average Carried 11 | 5 5 13 13 7 Final Capacity 15 | 8 15 15 15 5 Final Carried 15 | 4 9 15 15 3 Scrap Suit Usage (%) 17 | . . . . 66 Parts Cannibalized 16 | . . . . 16 Class Distribution -------------------- 79% | Mutant 15% | Scavenger-Scrapper 4% | Scavenger-Mutant Dominant Class ---------------- Mutant | -10/Materials Mutant | -10/Subcaves Mutant | -9/Scraptown Scavenger-Scrapper | -6/Factory Resources | -11 -10 -10 -9 -6 ----------- Run | Yrd Mat Sub Scr Fac Matter Collected 834 | 171 109 170 70 314 Remotely . | . . . . . Salvage Created 2986 | . 88 225 . 2673 Parts 142 | . 4 15 . 123 Haulers Intercepted 2 | . . . . 2 Recyclers Shooed 4 | . . . . 4 Parts Field Recycled . | . . . . . Retrieved Matter . | . . . . . Parts Self-Destructed 23 | . . 23 . . Prevented . | . . . . . Parts Restored . | . . . . . Kills | -11 -10 -10 -9 -6 ------- Run | Yrd Mat Sub Scr Fac Combat Hostiles Destroyed 41 | . 2 7 . 32 Melee 32 | . . . . 32 Guns 9 | . 2 7 . . Classes Destroyed 14 | . 1 2 . 11 Worker 2 | . . . . 2 Builder 2 | . . . . 2 Tunneler 1 | . . . . 1 Hauler 2 | . . . . 2 Recycler 4 | . . . . 4 Swarmer 5 | . . 3 . 2 Grunt 22 | . 2 . . 20 Brawler 1 | . . . . 1 Duelist 1 | . . . . 1 Sentry 1 | . . . . 1 Specialist 2 | . . . . 2 Hunter 3 | . . . . 3 Programmer 2 | . . . . 2 Subdweller 4 | . . 4 . . Best Kill Streak 7 | . 1 3 . 7 Combat Bots Only 6 | . 1 3 . 6 Max Kills in Single Turn 1 | . 1 1 . 1 Gunslinging . | . . . . . Exploded . | . . . . . Melee 1 | . . . . 1 Uniques/NPCs Destroyed . | . . . . . Combat | -11 -10 -10 -9 -6 -------- Run | Yrd Mat Sub Scr Fac Hostile Shots Fired 406 | . 12 58 9 327 Missed 107 | . 2 21 3 81 Hits 299 | . 10 37 6 246 Melee 14 | . . . . 14 Projectile 285 | . 10 37 6 232 AOE 5 | . . 3 . 2 Critical Strikes 10 | . . . 1 9 Part Disruptions 2 | . . . . 2 Damage Taken 5642 | . 134 748 183 4577 Core 1129 | . 15 180 42 892 Absorbed by Shields . | . . . . . Regen/Repaired (Parts) 142 | . . . . 142 Core Remaining (%) 52 | 100 . . 5 . Volleys Fired 48 | . 10 34 . 4 Largest 2 | . 2 2 . 1 Hottest 85 | . 40 80 . 85 Shots Fired 91 | . 20 67 . 4 Gun 88 | . 20 67 . 1 Cannon 3 | . . . . 3 Launcher . | . . . . . Special . | . . . . . Kinetic 82 | . 20 61 . 1 Thermal 9 | . . 6 . 3 Explosive . | . . . . . Electromagnetic . | . . . . . Robot Hit Streak 9 | . 7 9 . 2 Robot Miss Streak 2 | . 1 2 . 1 Penetration Max 1 | . . . . 1 Secondary Targets 4 | . . 4 . . Max Gunslinging Chain 1 | . . 1 . . Shots Hit Robots 191 | . 14 45 2 130 Core Hits 77 | . 6 17 . 54 Critical Kills . | . . . . . Critical Parts Destroyed . | . . . . . Critical Strikes 4 | . . . . 4 Melee Attacks 166 | . . 4 2 160 Impact . | . . . . . Slashing 165 | . . 4 1 160 Piercing . | . . . . . Sneak Attacks 16 | . . . 1 15 Combat Hostiles 3 | . . . . 3 Follow-up Attacks 5 | . . . . 5 Damage Inflicted 6503 | . 160 466 52 5825 Guns 659 | . 160 466 . 33 Cannons 29 | . . . . 29 Explosions . | . . . . . Melee 5802 | . . . 52 5750 Ramming 13 | . . . . 13 Kinetic 538 | . 160 345 . 33 Thermal 150 | . . 121 . 29 Explosive . | . . . . . Electromagnetic . | . . . . . Impact . | . . . . . Slashing 5802 | . . . 52 5750 Piercing . | . . . . . Highest Corruption 3 | . . . . 3 Average Corruption 1 | . . . . 1 Corruption Purged . | . . . . . Corruption Blocked . | . . . . . Effects 5 | . . . . 5 Message Errors 2 | . . . . 2 Heat Flow Errors 1 | . . . . 1 Energy Discharges 1 | . . . . 1 Data Loss (minor) 1 | . . . . 1 Overload Shots . | . . . . . Overflow Damage 453 | . . . . 453 Projectiles . | . . . . . Explosions . | . . . . . Melee 453 | . . . . 453 Knockbacks . | . . . . . Impact . | . . . . . Kinetic . | . . . . . Secondary . | . . . . . Self-Inflicted Damage . | . . . . . Shots . | . . . . . Rammed 1 | . . . 1 . Targets Rammed 5 | . . . 1 4 Kicked 4 | . . . . 4 Crushed . | . . . . . Highest Temperature 136 | . 18 . 17 136 Average Temperature 26 | . 10 . 13 35 Received Heat Transfer 1399 | . 78 6 97 1218 Siege Activations . | . . . . . Martial Activations . | . . . . . Shielding Activations . | . . . . . Robots Disrupted 1 | . . . . 1 Combat Hostiles 1 | . . . . 1 Robots Corrupted . | . . . . . Combat Hostiles . | . . . . . Parts Fried . | . . . . . Impact Corruptions . | . . . . . Robots Melted . | . . . . . Combat Hostiles . | . . . . . Parts Melted . | . . . . . Heat Transferred 187 | . . 150 . 37 Parts Sabotaged . | . . . . . Parts Stolen . | . . . . . Parts Stripped . | . . . . . Power Chain Reactions . | . . . . . Alert | -11 -10 -10 -9 -6 ------- Run | Yrd Mat Sub Scr Fac Maximum Alert Level 1 | . . . . 1 Low Security (%) 96 | 100 100 . . 95 Level 1 3 | . . . . 4 Level 2 . | . . . . . Level 3 . | . . . . . Level 4 . | . . . . . Level 5 . | . . . . . High Security . | . . . . . Max Security . | . . . . . Peak Influence 217 | . 30 . . 217 Initial . | . . . . . Average 65 | . 4 . . 82 Influence Increases 1136 | . 79 120 . 937 Destroy 0b10 Robot/C 740 | . 40 60 . 640 Destroy 0b10 Robot/NC 55 | . . . . 55 Destroy Leader 134 | . 10 . . 124 Successful Hack 54 | . 14 . . 40 Disable Machine 15 | . . . . 15 Destroy Structure 3 | . . . . 3 Lose Combat Pursuer 135 | . 15 60 . 60 Influence Decreases 942 | . 79 77 43 743 Entered New Map 43 | . . . 43 . Time Decay 609 | . 79 57 . 473 Lost Part 290 | . . 20 . 270 Squads Dispatched 9 | . 1 . . 8 Investigation 3 | . . . . 3 Extermination 2 | . . . . 2 Reinforcement 4 | . 1 . . 3 Assault . | . . . . . Garrison . | . . . . . Intercept . | . . . . . Searches Triggered . | . . . . . Construction Impeded . | . . . . . Haulers Reinforced 1 | . . . . 1 Active Scanning Responses . | . . . . . Cargo Convoy Interrupts . | . . . . . Stealth | -11 -10 -10 -9 -6 --------- Run | Yrd Mat Sub Scr Fac Distress Signals 3 | . . . . 3 Communications Jammed . | . . . . . Distress Signals . | . . . . . Times Spotted 70 | . 5 14 9 42 Peak Tracking Total 8 | . 2 6 4 8 Tactical Retreats 7 | . 1 2 1 3 Traps | -11 -10 -10 -9 -6 ------- Run | Yrd Mat Sub Scr Fac Traps Triggered 2 | . . 2 . . Indirectly . | . . . . . Trap Hack Attempts . | . . . . . Triggered . | . . . . . Disarmed . | . . . . . Reprogrammed . | . . . . . Reused . | . . . . . Traps Extracted . | . . . . . Installed . | . . . . . Triggered . | . . . . . Machines | -11 -10 -10 -9 -6 ---------- Run | Yrd Mat Sub Scr Fac Machines Disabled 1 | . . . . 1 Max in Single Turn 1 | . . . . 1 Garrison Access 1 | . . . . 1 Machines Repaired . | . . . . . Machines Dismantled . | . . . . . Machines Sabotaged . | . . . . . Overloaded Fab Kills . | . . . . . Hacking | -11 -10 -10 -9 -6 --------- Run | Yrd Mat Sub Scr Fac Machines Accessed 16 | . 4 2 3 7 Terminals 7 | . 4 . . 3 Fabricators . | . . . . . Repair Stations 1 | . . . . 1 Recycling Units 2 | . . . . 2 Scanalyzers . | . . . . . Garrison Access 1 | . . . . 1 Total Hacks 52 | . 10 2 25 15 Successful 37 | . 5 2 25 5 Failed 15 | . 5 . . 10 Catastrophic 4 | . 2 . . 2 Database Lockouts . | . . . . . Manual 17 | . 9 . . 8 Terminals 17 | . 10 . . 7 Fabricators . | . . . . . Repair Stations 3 | . . . . 3 Recycling Units 4 | . . . . 4 Scanalyzers . | . . . . . Garrison Access 1 | . . . . 1 Terminal Hacks 30 | . 1 2 25 2 Record 24 | . . . 24 . Robot Analysis 1 | . . . . 1 Open Door 2 | . . 1 1 . Locate Traps 1 | . 1 . . . Hauler Manifests 1 | . . . . 1 Release Object 1 | . . 1 . . Fabricator Hacks . | . . . . . Repair Station Hacks 1 | . . . . 1 Scan Component 1 | . . . . 1 Recycling Unit Hacks . | . . . . . Scanalyzer . | . . . . . Garrison Access Hacks 1 | . . . . 1 Seal Access 1 | . . . . 1 Unauthorized Hacks 5 | . 4 . . 1 Terminals 4 | . 4 . . . Skim 4 | . 4 . . . Fabricators . | . . . . . Repair Stations . | . . . . . Recycling Units 1 | . . . . 1 Fedlink 1 | . . . . 1 Scanalyzers . | . . . . . Garrison Access . | . . . . . Data Cores Recovered . | . . . . . Used . | . . . . . Hacking Detections 10 | . 4 . . 6 Full Trace Events 2 | . . . . 2 Feedback Events . | . . . . . Feedback Blocked . | . . . . . Robot Schematics Acquired . | . . . . . Robots Built . | . . . . . Authchips . | . . . . . Time . | . . . . . Total Robot Build Rating . | . . . . . Part Schematics Acquired . | . . . . . Parts Built . | . . . . . Authchips . | . . . . . Time . | . . . . . Total Part Build Rating . | . . . . . Part Studies Acquired . | . . . . . Parts Repaired . | . . . . . Time . | . . . . . Parts Recycled . | . . . . . Recycled Matter . | . . . . . Retrieved Matter . | . . . . . Retrieved Components . | . . . . . Parts Scanalyzed . | . . . . . Part Schematics Acquired . | . . . . . Parts Damaged . | . . . . . Bothacking | -11 -10 -10 -9 -6 ------------ Run | Yrd Mat Sub Scr Fac Used RIF Installer . | . . . . . Robots Hacked 1 | . . . 1 . Non-combat . | . . . . . Combat 1 | . . . 1 . Robot Hacks Applied 1 | . . . 1 . parse_system 1 | . . . 1 . Relay Couplers Released . | . . . . . Fabnet Peak Effective % . | . . . . . Robots Rewired . | . . . . . Allies Hacked . | . . . . . Hacks Repelled . | . . . . . Allies | -11 -10 -10 -9 -6 -------- Run | Yrd Mat Sub Scr Fac Total Allies . | . . . . . Largest Group . | . . . . . Highest-Rated Group . | . . . . . Highest-Rated Ally . | . . . . . Initial UFD Resources 22 | . . . . 22 Total Orders . | . . . . . Ally Attacks . | . . . . . Total Damage . | . . . . . Kills . | . . . . . Allies Corrupted . | . . . . . Allies Melted 2 | . . . 2 . Intel | -11 -10 -10 -9 -6 ------- Run | Yrd Mat Sub Scr Fac Active Infowar (turns) 593 | . . . . 593 Optics 308 | . . . . 308 Terrain 286 | . . . . 286 Robot Analysis Total 1 | . . . . 1 Derelict Logs Recovered 4 | . . 1 3 . Drone Launches . | . . . . . Drone Recoveries . | . . . . . Exploration | -11 -10 -10 -9 -6 ------------- Run | Yrd Mat Sub Scr Fac Turns Passed 6601 | 9 447 1883 2543 1719 Spaces Moved 3500 | 3 257 929 1333 978 Core 263 | . . . 259 4 Treads 1403 | 3 257 656 487 . Legs 974 | . . . . 974 Wheels 860 | . . 273 587 . Hover . | . . . . . Flight . | . . . . . Fastest Speed 50 | 160 160 120 50 100 Average Speed 163 | 160 160 187 187 109 Slowest Speed 700 | 160 160 240 450 700 Overloaded Moves . | . . . . . Propulsion Burnouts . | . . . . . Robots Hopped . | . . . . . Potential Cave-ins . | . . . . . Cave-ins Triggered . | . . . . . Exploration Rate (%) 31 | 2 34 48 61 11 Regions Visited 4 Branch Regions 2 Pre-discovered Areas 5 | . . . 5 . Known Exits Taken . | . . . . . Unknown Exits Taken 4 | 1 1 1 1 . Scrap Searched 5 | . . 3 2 . Spaces Dug 1 | . . . . 1 Terrain Destroyed 3 | . . . . 3 Melee 1 | . . . . 1 Projectile 2 | . . . . 2 AOE . | . . . . . Terrain Rammed . | . . . . . Walls Destroyed . | . . . . . Machines Disabled . | . . . . . Actions | -11 -10 -10 -9 -6 --------- Run | Yrd Mat Sub Scr Fac Total 4068 | 7 275 999 1386 1401 Wait 214 | . 1 8 11 194 Move 3497 | 2 256 928 1333 978 Hop . | . . . . . Pick Up 65 | . 6 13 22 24 Fast Attach 2 | . . . 2 . Attach 37 | . . 4 4 29 Detach 2 | . . . . 2 Swap 14 | 3 1 5 1 4 Drop 23 | 2 1 3 11 6 Fire 48 | . 10 34 . 4 Melee 161 | . . 4 2 155 Ram . | . . . . . Kick 4 | . . . . 4 Crush . | . . . . . Escape Stasis . | . . . . . Rewire 1 | . . . . 1 Trap . | . . . . . Miscellaneous . | . . . . . Route ------- -11/Scrapyard -10/Materials (discovered 2 exits: [*Min] / *Sub) -10/Subcaves (discovered 2 exits: [*Mat] / *Scr) -9/Scraptown -6/Factory (discovered 1 exit: [*Low]) History --------- Turn | Location | Event 7 | -11/Scrapyard | Discovered new exit (range 2) 10 | -11/Scrapyard | Entered Materials 11 | -10/Materials | Met a group of wandering Federalists 128 | -10/Materials | Discovered new exit (range 5) 156 | -10/Materials | Discovered new exit (range 7) 307 | -10/Materials | Build established: Mutant 457 | -10/Materials | Entered Subcaves 458 | -10/Subcaves | Continued accompanying wandering Federalists (4) 695 | -10/Subcaves | Wandering Federalist uncovered a shortcut to Scraptown 843 | -10/Subcaves | Core integrity fell below 50% 862 | -10/Subcaves | Lost 3 parts (1n1u1w) 1394 | -10/Subcaves | Disturbed a concealed Subdweller 1545 | -10/Subcaves | Discovered new exit (range 8) 2160 | -10/Subcaves | Learned Materials emergency access door positions 2340 | -10/Subcaves | Entered Scraptown 2460 | -9/Scraptown | Scanned Subdweller tech in exchange for log data 2466 | -9/Scraptown | Learned Factory terminal intel 2467 | -9/Scraptown | Learned location of 1 exit from Lower Caves 2468 | -9/Scraptown | Learned Research machine intel 3258 | -9/Scraptown | Visited UFD Registry 3258 | -9/Scraptown | Registered with UFD as "Thermoparser" 3294 | -9/Scraptown | Visited Shadow of the Wyrm 3414 | -9/Scraptown | Visited Curators Association 3498 | -9/Scraptown | Visited Botcube Research 3539 | -9/Scraptown | Visited Scrapoid Pod Storage 3577 | -9/Scraptown | Visited Cartography Club 3620 | -9/Scraptown | Visited Sword Containment 3644 | -9/Scraptown | Found Prototype Slashing Weapon 3644 | -9/Scraptown | Identified Companion Sword 3700 | -9/Scraptown | Visited Scrap Suit Storage 3848 | -9/Scraptown | Visited Junk Cannon Lab 3898 | -9/Scraptown | Visited Abandonware Association 3925 | -9/Scraptown | Learned abandonware demo "MELTYB.EXE" 3925 | -9/Scraptown | Learned abandonware demo "REBOOT5.EXE" 4059 | -9/Scraptown | Visited LU-1G1's Boring Crew 4282 | -9/Scraptown | Released all parts (6) 4313 | -9/Scraptown | Lost 3 parts (1p1n1w) 4336 | -9/Scraptown | Learned location of Recycling (-9) 4336 | -9/Scraptown | Learned 16 Upper Caves zone layouts 4336 | -9/Scraptown | Learned 12 Materials zone layouts 4336 | -9/Scraptown | Learned location of Lower Caves (-6) 4336 | -9/Scraptown | Learned location of Extension (-5) 4336 | -9/Scraptown | Learned 8 Factory zone layouts 4336 | -9/Scraptown | Learned 8 Lower Caves zone layouts 4336 | -9/Scraptown | Learned 8 Upper Caves zone layouts 4336 | -9/Scraptown | Learned location of 3 exits from Lower Caves 4336 | -9/Scraptown | Learned 12 Proximity Caves zone layouts 4336 | -9/Scraptown | Learned Materials emergency access door positions 4336 | -9/Scraptown | Learned location of 2 exits from Lower Caves 4336 | -9/Scraptown | Learned location of 2 exits from Proximity Caves 4404 | -9/Scraptown | Found Surveybot 17 Chip 4668 | -9/Scraptown | Met Optimus 4668 | -9/Scraptown | Accepted into 0bPrime 4725 | -9/Scraptown | Discovered new exit (range 3) 4743 | -9/Scraptown | Civil war broke out across Scraptown 4778 | -9/Scraptown | Core integrity fell below 20% 4855 | -9/Scraptown | Found Scrap Suit 4883 | -9/Scraptown | Entered Factory 4883 | -6/Factory | Evolved 8 slots: Propulsion x2, Utility x6 4885 | -6/Factory | Loaded intel: 25 terminal locations 4913 | -6/Factory | Lost 15 allies 5023 | -6/Factory | Loaded intel: 8 recycling unit locations 5185 | -6/Factory | Build established: Scavenger-Scrapper 5356 | -6/Factory | Discovered new exit (range 9) 5965 | -6/Factory | Lost 5 parts (4n1u) 6237 | -6/Factory | Build established: Scavenger-Mutant 6276 | -6/Factory | Lost 8 parts (1p2n4u1w) 6344 | -6/Factory | Core integrity fell below 50% 6373 | -6/Factory | Lost 6 parts (1p4n1u) 6547 | -6/Factory | Build established: Mutant 6581 | -6/Factory | Core integrity fell below 20% 6602 | -6/Factory | Destroyed by H-61 Shepherd with Heavy Assault Cannon Last Messages --------------- 06578_ Ion Engine destroyed. 06578_ K-01 Serf collects debris. 06580_ Carbon-fiber Leg destroyed. 06582_ S-27 Virus destroyed. 06582_ K-01 Serf collects debris. 06593_ U-05 Engineer builds a Wall. 06593_ K-01 Serf cleans the Nuclear Reactor. 06595_ Nuclear Reactor explodes. 06595_ Carbon-fiber Leg destroyed. 06595_ S-27 Virus destroyed. 06595_ U-05 Engineer destroyed. 06596_ K-01 Serf collects debris. 06597_ Lrg. Storage Unit destroyed. 06597_ Knocked back. 06599_ K-01 Serf collects debris. 06600_ Nuclear Reactor explodes. 06600_ K-01 Serf destroyed. 06600_ Nuclear Reactor explodes. 06600_ U-05 Engineer destroyed. 06601_ K-01 Serf collects debris. Map ----- +----------------------------------------------------+ | ?????????????????????????????????????????????????? | | ?????????????????????????????????????????????????? | | ?????????????????????????????????????????????????? | | ?????????????????????????????????????????????????? | | ?????????????????????????????????????????????????? | | ?????????????????????????????????????????????????? | | ?????????????????????????????????????????????????? | | ?????????????????????????????????????????????????? | | ?????????????????????????????????????????????????? | | ?????????????????????????????????????????????????? | | ?????????????????????? ??? ?????????????????????? | | ?????????????????????" ??? ?????????????????????? | | ?????????????????????"u ??? ?????????????????????? | | ????????????????????"" ###+#########????????""T"" | | ???????????????????? # kk[ #???????""""" | | ?????????????# ?????"" #???????????? | | ?????????????# ?? """ ##??????????? | | ?????????????# """ #??????????? | | ?????????????# #??????????? | | ?????????????# """ #??????????? | | ?????????????# """ #??????????? | | ?????????##### """ #??????????? | | ????????? #???????????? | | ???????? #???????????? | | ???????? %= #??????????? | | ???????? H @ %! #??????????? | | ???????? ###+#??######### | | ????????######+####### % ## ??? ^ | | ????????# # ## ## ??? | | ????????# """ """ + + ## "??""" !* | | ????????# """ """ ##### ## """""" !* | | ??????? # """ """ ##### ## """""" ! | | ????""" # ##### # """""" | | # # """ """ ##### # | | # """ #=!""" """ ##### # """""" | | # """ #!!""" """ ##### =# """""" | | # """ #!%!! ##### # """""" | | # #!!!! ##### !A # """""" = | | # #!! ########+### = | | ######### ####### %% ! | | ######################### ##"""T"""# | | ######################### ^ ########## | | #########################%=! !! #????????? | | #############% !| %%| ^^ !! #????????? | | ############# #############! #?###??? | | #############*# ### ^ % ##T ## | | % =!%+! ### ^ """ """ % ! | | #############*# = ### """ """ | | ### """""%#%# ### """ """ % | | ###! ""T""%+%+=""" """ ### | +----------------------------------------------------+ Best States ------------- Heat Dissipation 51 Energy Generation 18 Energy Capacity 310 Matter Stores 300 Matter Capacity 300 Sight Range 22 Terrain Scan Range 14 Terrain Scan Density 1210 Armor Coverage 600 Resistance: EM 15 Phase Shifting 5 Evasion (%) 60 Recoil Reduction 2 Offensive Hacking 11 Item Schematics ----------------- None Robot Schematics ------------------ None Fabricated ------------ Nothing Repaired ---------- Nothing Studied --------- None Alien Tech Used ----------------- None Achievements -------------- Analysis Probe Plot Armor Spot Them First Uncivil War Challenges ------------ None Game ------ Seed SchematicDimensionalCannon Manual? 0 Play Time 00:44:03 Cumulative 48.7 hours Start 2026.07.14 @ 18:38:52 End 2026.07.14 @ 19:26:59 Sessions 1 Manual Loads 0 Difficulty Rogue Special Mode None Game No. 207 Rogue 162 Adventurer 45 Explorer 0 Win Type - Total 1 Types 1/0/0/0/0/0/0/0/0/0 Lore% 58 Gallery% 40 Achievement% 32 Wizard Run 0 Options --------- Layout 1 ASCII 0 Keyboard 0 Movement Numpad Keybinds 0 Fullscreen 1 Font 24/Smallcaps Map View 50x35 Zoom Use 0% Tactical HUD 1 Map Filters NONE Filters NONE Steam 1 RUN: b12e9b99-898d-4e33-b864-f826633d541a